Checkers vs Senators

Created - Friday, February 20, 2015 at 00:02

Goals
1 2 3 T
Checkers 0 1 1 2
Senators 0 1 0 1
Shots
1 2 3 T
Checkers 4 14 8 26
Senators 3 14 9 26

1st period

No Goal

Penalties :
Tom Sestito (CHA) for Roughing (Minor) at 1:51, Andrew MacWilliam (BIN) for Roughing (Minor) at 10:30

2nd period

1. Senators , Martin St. Pierre 3 (Greg Pateryn, Josh Leivo) at 13:19
2. Checkers , Sami Salo 55 (Ray Whitney) at 18:59

Penalties :
John Scott (BIN) for Tripping (Minor) at 6:17, Colton Orr (BIN) for Fighting (Major) at 9:43, Blake Parlett (CHA) for Fighting (Major) at 9:43, Steve Eminger (BIN) for Fighting (Major) at 16:33, Tom Sestito (CHA) for Fighting (Major) at 16:33

3rd period

3. Checkers , Ray Whitney 9 (Jim O'Brien) at 9:44

Penalties :
Joe Finley (BIN) for Hooking (Minor) at 1:34, Cody Bass (CHA) for Roughing (Minor) at 11:30, Mike Cornell (CHA) for Interference (Minor) at 14:13

Goalie Stats

Drew MacIntyre (CHA), 25 saves from 26 shots - (0.962), W, 36-15-15, 60:00 minutes
Jean-Francois Berube (BIN), 24 saves from 26 shots - (0.923), L, 32-15-12, 59:34 minutes

Players Stats for Checkers

Player Name              G  A  P  +/- PIM S  H  SB GA TA FO     MP     PP MP  PK MP  
------------------------------------------------------------------------------------
Andrew Campbell          0  0  0   1  0   1  2  2  0  2  0/0    21:36   2:55   2:23 
Andrew Clark             0  0  0   0  0   1  0  1  3  2  2/6    15:57   0:00   3:01 
Blake Parlett            0  0  0   1  5   0  0  0  0  0  0/0    21:11   3:02   3:34 
Cody Bass                0  0  0   0  2   2  2  0  1  0  0/0    12:59   0:00   0:00 
Corey Locke              0  0  0  -1  0   2  1  0  4  0  0/1    14:29   3:04   0:00 
J.T. Wyman               0  0  0  -1  0   3  3  0  1  1  0/0    14:29   3:04   0:00 
Jim O'Brien              0  1  1   2  0   1  3  0  0  0  12/21  16:43   2:53   0:00 
Jordan Kremyr            0  0  0   0  0   0  0  1  1  0  0/0    10:23   0:00   0:00 
Julien Brouillette       0  0  0   0  0   1  1  1  0  1  0/0    16:06   0:00   0:00 
Matt Pelech              0  0  0   0  0   0  0  0  2  0  0/0     9:20   0:00   0:00 
Mike Cornell             0  0  0  -1  2   2  2  1  1  0  0/0    15:38   0:00   0:00 
Nick Crawford            0  0  0   1  0   0  1  1  0  0  0/0    21:36   2:55   2:23 
Ray Whitney              1  1  2   2  0   6  2  1  8  0  1/1    19:51   2:53   3:01 
Sami Salo                1  0  1   0  0   2  3  0  1  0  0/0    23:58   3:02   3:34 
Sean Backman             0  0  0   2  0   0  1  0  0  0  0/0    19:55   2:53   2:56 
Taylor Matson            0  0  0  -1  0   1  0  0  0  0  11/14  18:00   3:04   2:56 
Tom Sestito              0  0  0   0  7   2  4  1  3  2  0/0    12:27   0:00   0:00 
Tyler Gron               0  0  0   0  0   2  1  0  0  1  1/3     9:20   0:00   0:00 

Players Stats for Senators

Player Name              G  A  P  +/- PIM S  H  SB GA TA FO     MP     PP MP  PK MP  
------------------------------------------------------------------------------------
Andrew MacWilliam        0  0  0   0  2   0  1  2  0  4  0/0    15:57   0:00   1:08 
Colton Orr               0  0  0   0  5   4  5  0  3  0  0/1    16:55   2:44   0:41 
Daine Todd               0  0  0  -1  0   0  1  0  1  3  5/15   19:13   0:16   4:35 
Emerson Etem             0  0  0  -1  0   5  0  0  2  0  6/13   17:23   2:57   0:00 
Evan Trupp               0  0  0  -1  0   2  1  2  2  1  2/2    13:34   0:00   0:00 
Greg Nemisz              0  0  0  -1  0   2  1  0  2  1  1/1    16:45   0:00   0:00 
Greg Pateryn             0  1  1   1  0   1  1  1  0  2  0/0    21:06   3:03   2:55 
Jesse Blacker            0  0  0  -1  0   1  1  3  1  1  0/0    16:22   0:00   0:00 
Joe Finley               0  0  0  -1  2   0  1  0  0  0  0/0     3:59   0:00   0:00 
John Scott               0  0  0  -2  2   2  1  1  1  0  0/0    23:51   2:54   1:54 
Josh Leivo               0  1  1   1  0   3  0  1  3  1  0/1    20:01   3:00   0:12 
Kenny Ryan               0  0  0   0  0   0  0  0  0  0  0/0     0:40   0:00   0:00 
Korbinian Holzer         0  0  0   1  0   0  1  1  0  1  0/0    21:06   3:03   2:55 
Kyle Chipchura           0  0  0  -1  0   0  2  1  0  0  0/0    17:23   2:57   0:00 
Martin St. Pierre        1  0  1   1  0   2  1  0  2  0  4/9    18:46   3:00   0:41 
Mike Brown               0  0  0  -1  0   4  1  0  2  0  0/0    20:38   2:57   0:41 
Steve Eminger            0  0  0   0  5   0  1  1  0  2  0/0    18:44   2:54   3:02 
Tyler Biggs              0  0  0   1  0   0  0  0  0  0  1/4    11:35   0:00   5:04 

3 Stars

1 - Ray Whitney (CHA)
2 - Drew MacIntyre (CHA)
3 - Sami Salo (CHA)

Power Play

Checkers - 0 on 3 Attempt(s) - 0.00%
Senators - 0 on 3 Attempt(s) - 0.00%

Penalty Kill

Checkers - 3 on 3 Attempt(s) - 100.00% - Score 0 goal in Penalty Kill
Senators - 3 on 3 Attempt(s) - 100.00% - Score 0 goal in Penalty Kill

Team Stat

Checkers - Hits : 26 - Faceoff Wins : 27 - Blocked Shots : 9 - Penalty Minutes : 16
Senators - Hits : 19 - Faceoff Wins : 19 - Blocked Shots : 13 - Penalty Minutes : 16

Official

Referees : Unknown
Linesman : Unknown

Game Notes

Colton Orr and Blake Parlett fight to a draw at 9:43 of 2nd period
Steve Eminger beats up Tom Sestito at 16:33 of 2nd period

Finance

Level 1 -- Attendance: 1403 (70.15%) -- Ticket Income $49,105
Level 2 -- Attendance: 696 (69.60%) -- Ticket Income $10,440
Total Attendance: 2099 (69.97%)
Total Ticket Income: $59,545
Other Income: $29,177
Total Income: $88,722

Checkers

5 vs 5 Forward 
   Center                   Left Wing                Right Wing               Time % Phy DF OF 
 1 Jim O'Brien              Ray Whitney              Sean Backman             28     1   2  2  
 2 Taylor Matson            Corey Locke              J.T. Wyman               27     1   2  2  
 3 Andrew Clark             Tom Sestito              Cody Bass                25     1   2  2  
 4 Tyler Gron               Jordan Kremyr            Matt Pelech              20     1   2  2  

5 vs 5 Defense 
   Defense                  Defense                                           Time % Phy DF OF 
 1 Sami Salo                Blake Parlett                                     35     1   2  2  
 2 Andrew Campbell          Nick Crawford                                     35     1   2  2  
 3 Julien Brouillette       Mike Cornell                                      30     1   2  2  
 4 Sami Salo                Blake Parlett                                     0      1   2  2  

PowerPlay Forward 
   Center                   Left Wing                Right Wing               Time % Phy DF OF 
 1 Jim O'Brien              Ray Whitney              Sean Backman             50     0   1  4  
 2 Taylor Matson            Corey Locke              J.T. Wyman               50     0   1  4  

PowerPlay Defense
   Defense                  Defense                                           Time % Phy DF OF 
 1 Sami Salo                Blake Parlett                                     50     0   1  4  
 2 Andrew Campbell          Nick Crawford                                     50     0   1  4  

Penalty Kill 4 Players Forward 
   Center                   Wing                     Time % Phy DF OF 
 1 Andrew Clark             Ray Whitney              50     1   3  1  
 2 Taylor Matson            Sean Backman             50     1   3  1  

Penalty Kill 4 Players Defense
   Defense                  Defense                  Time % Phy DF OF 
 1 Sami Salo                Blake Parlett            50     1   3  1  
 2 Andrew Campbell          Nick Crawford            50     1   3  1  

Penalty Kill - 3 Players Forward 
   Forward                                           Time % Phy DF OF 
 1 Andrew Clark                                      50     0   5  0  
 2 Taylor Matson                                     50     0   5  0  

Penalty Kill - 3 Players Defense
   Defense                  Defense                  Time % Phy DF OF 
 1 Sami Salo                Blake Parlett            50     0   5  0  
 2 Andrew Campbell          Nick Crawford            50     0   5  0  

4 vs 4 Forward 
   Center                   Wing                     Time % Phy DF OF 
 1 Jim O'Brien              Ray Whitney              50     1   2  2  
 2 Corey Locke              J.T. Wyman               50     1   2  2  

4 vs 4 Defense
   Defense                  Defense                  Time % Phy DF OF 
 1 Sami Salo                Blake Parlett            50     1   2  2  
 2 Andrew Campbell          Nick Crawford            50     1   2  2  

Last Minutes Offensive
   Center                   Left Wing                Right Wing               Defense                  Defense                  
   Jim O'Brien              Ray Whitney              Tom Sestito              Sami Salo                Blake Parlett            

Last Minutes Defensive
   Center                   Left Wing                Right Wing               Defense                  Defense                  
   Jim O'Brien              Ray Whitney              Tom Sestito              Sami Salo                Blake Parlett            

Goaltenders
Starting : Drew MacIntyre           
Backup : Nathan Lawson            

Extra Forwards
Normal : Sean Backman, Cody Bass, Ray Whitney - PP : Sean Backman, Cody Bass - PK : Jim O'Brien
Extra Defensemen
Normal : Julien Brouillette, Mike Cornell, Andrew Campbell - PP : Julien Brouillette - PK : Mike Cornell, Andrew Campbell
Penalty Shots
Ray Whitney, Jim O'Brien, Sean Backman, Tom Sestito, Corey Locke

Senators

5 vs 5 Forward 
   Center                   Left Wing                Right Wing               Time % Phy DF OF 
 1 Emerson Etem             Kyle Chipchura           Mike Brown               35     1   2  2  
 2 Martin St. Pierre        Josh Leivo               Colton Orr               30     1   2  2  
 3 Daine Todd               Evan Trupp               Greg Nemisz              22     1   2  2  
 4 Mike Brown               Colton Orr               Tyler Biggs              13     1   2  2  

5 vs 5 Defense 
   Defense                  Defense                                           Time % Phy DF OF 
 1 John Scott               Steve Eminger                                     35     1   2  2  
 2 Greg Pateryn             Korbinian Holzer                                  30     1   2  2  
 3 Jesse Blacker            Andrew MacWilliam                                 22     1   2  2  
 4 Joe Finley               John Scott                                        13     1   2  2  

PowerPlay Forward 
   Center                   Left Wing                Right Wing               Time % Phy DF OF 
 1 Emerson Etem             Kyle Chipchura           Mike Brown               60     1   2  2  
 2 Martin St. Pierre        Josh Leivo               Colton Orr               40     1   2  2  

PowerPlay Defense
   Defense                  Defense                                           Time % Phy DF OF 
 1 John Scott               Steve Eminger                                     60     1   2  2  
 2 Greg Pateryn             Korbinian Holzer                                  40     1   2  2  

Penalty Kill 4 Players Forward 
   Center                   Wing                     Time % Phy DF OF 
 1 Daine Todd               Tyler Biggs              60     1   2  2  
 2 Mike Brown               Colton Orr               40     1   2  2  

Penalty Kill 4 Players Defense
   Defense                  Defense                  Time % Phy DF OF 
 1 John Scott               Steve Eminger            60     1   2  2  
 2 Greg Pateryn             Korbinian Holzer         40     1   2  2  

Penalty Kill - 3 Players Forward 
   Forward                                           Time % Phy DF OF 
 1 Mike Brown                                        60     1   2  2  
 2 Colton Orr                                        40     1   2  2  

Penalty Kill - 3 Players Defense
   Defense                  Defense                  Time % Phy DF OF 
 1 John Scott               Steve Eminger            60     1   2  2  
 2 Greg Pateryn             Korbinian Holzer         40     1   2  2  

4 vs 4 Forward 
   Center                   Wing                     Time % Phy DF OF 
 1 Greg Nemisz              Emerson Etem             60     1   2  2  
 2 Mike Brown               Colton Orr               40     1   2  2  

4 vs 4 Defense
   Defense                  Defense                  Time % Phy DF OF 
 1 John Scott               Steve Eminger            60     1   2  2  
 2 Greg Pateryn             Korbinian Holzer         40     1   2  2  

Last Minutes Offensive
   Center                   Left Wing                Right Wing               Defense                  Defense                  
   Emerson Etem             Kyle Chipchura           Mike Brown               John Scott               Steve Eminger            

Last Minutes Defensive
   Center                   Left Wing                Right Wing               Defense                  Defense                  
   Emerson Etem             Kyle Chipchura           Mike Brown               John Scott               Steve Eminger            

Goaltenders
Starting : Jean-Francois Berube     
Backup : Cedrick Desjardins       

Extra Forwards
Normal : Daine Todd, Greg Nemisz, Tyler Biggs - PP : Daine Todd, Greg Nemisz - PK : Tyler Biggs
Extra Defensemen
Normal : Jesse Blacker, Andrew MacWilliam, Joe Finley - PP : Jesse Blacker - PK : Andrew MacWilliam, Joe Finley
Penalty Shots
Kyle Chipchura, John Scott, Martin St. Pierre, Mike Brown, Colton Orr

% Time on Ice - Checkers

Lines # - Real PCT - Wanted PCT - Time Play
Normal Forward
1 - 28% - 28% - 13:07
2 - 25% - 27% - 12:00
3 - 27% - 25% - 12:49
4 - 20% - 20% - 9:20
Normal Defense
1 - 35% - 35% - 16:32
2 - 34% - 35% - 16:18
3 - 31% - 30% - 14:26
4 - 0% - 0% - 0:00
PP Forward
1 - 48% - 50% - 2:53
2 - 52% - 50% - 3:04
PP Defense
1 - 51% - 50% - 3:02
2 - 49% - 50% - 2:55
PK Forward
1 - 51% - 50% - 3:01
2 - 49% - 50% - 2:56
PK Defense
1 - 60% - 50% - 3:34
2 - 40% - 50% - 2:23
PK3 Forward
1 - 0% - 50%
2 - 0% - 50%
PK3 Defense
1 - 0% - 50%
2 - 0% - 50%
44 Forward
1 - 0% - 50%
2 - 0% - 50%
44 Defense
1 - 0% - 50%
2 - 0% - 50%
Last Minute Offensive  - 0:00
Last Minute Defensive  - 0:50
Total
Forward - 60:00
Defense - 60:00

% Time on Ice - Senators

Lines # - Real PCT - Wanted PCT - Time Play
Normal Forward
1 - 33% - 35% - 15:35
2 - 31% - 30% - 14:36
3 - 29% - 22% - 13:34
4 - 8% - 13% - 3:41
Normal Defense
1 - 31% - 35% - 14:53
2 - 32% - 30% - 15:08
3 - 29% - 22% - 13:38
4 - 8% - 13% - 3:47
PP Forward
1 - 50% - 60% - 2:57
2 - 50% - 40% - 3:00
PP Defense
1 - 49% - 60% - 2:54
2 - 51% - 40% - 3:03
PK Forward
1 - 89% - 60% - 5:16
2 - 11% - 40% - 0:41
PK Defense
1 - 51% - 60% - 3:02
2 - 49% - 40% - 2:55
PK3 Forward
1 - 0% - 60%
2 - 0% - 40%
PK3 Defense
1 - 0% - 60%
2 - 0% - 40%
44 Forward
1 - 0% - 60%
2 - 0% - 40%
44 Defense
1 - 0% - 60%
2 - 0% - 40%
Last Minute Offensive  - 0:40
Last Minute Defensive  - 0:00
Total
Forward - 60:00
Defense - 60:00

Play by Play

1st period


0:01 of 1st period - Jim O'Brien wins face-off versus Emerson Etem in neutral zone.
0:04 of 1st period - Mike Brown is hit by Jim O'Brien and loses puck.
0:59 of 1st period - J.T. Wyman is hit by Colton Orr and loses puck.
1:04 of 1st period - Slapshot by Colton Orr.
1:04 of 1st period - Stopped by Drew MacIntyre with a rebound.
1:44 of 1st period - Snap shot by Korbinian Holzer.
1:44 of 1st period - Shot Misses the Net.
1:46 of 1st period - Slapshot by Greg Nemisz.
1:46 of 1st period - Shot Misses the Net.
1:51 of 1st period - Minor Penalty to Tom Sestito for Roughing.
1:52 of 1st period - Emerson Etem wins face-off versus Andrew Clark in Checkers zone.
1:57 of 1st period - Wrist shot by Mike Brown.
1:57 of 1st period - Shot Blocked by Ray Whitney.
2:23 of 1st period - Snap shot by Emerson Etem.
2:23 of 1st period - Shot Misses the Net.
3:15 of 1st period - Mike Brown is hit by Sami Salo and loses puck.
3:46 of 1st period - Blake Parlett is hit by Martin St. Pierre and loses puck.
3:51 of 1st period - Penalty to Tom Sestito is over, Tom Sestito is back on ice.
4:23 of 1st period - Julien Brouillette is hit by Steve Eminger and loses puck.
4:45 of 1st period - Julien Brouillette is hit by Jesse Blacker and loses puck.
5:01 of 1st period - Julien Brouillette is hit by Andrew MacWilliam and loses puck.
5:34 of 1st period - Korbinian Holzer is hit by Tyler Gron.
5:38 of 1st period - Julien Brouillette is hit by Korbinian Holzer and loses puck.
6:11 of 1st period - Snap shot by Andrew Clark.
6:11 of 1st period - Stopped by Jean-Francois Berube without a rebound.
6:12 of 1st period - Jim O'Brien wins face-off versus Daine Todd in Senators zone.
7:02 of 1st period - Emerson Etem is hit by Nick Crawford and loses puck.
7:27 of 1st period - Backhand shot by Sami Salo.
7:27 of 1st period - Shot Blocked by Jesse Blacker.
7:29 of 1st period - Slapshot by Sami Salo.
7:29 of 1st period - Shot Blocked by Kyle Chipchura.
7:31 of 1st period - Wrist shot by Sami Salo.
7:31 of 1st period - Deflect By Tom Sestito.
7:31 of 1st period - Stopped by Jean-Francois Berube with a rebound.
7:33 of 1st period - Snap shot by Tom Sestito.
7:33 of 1st period - Shot Blocked by Andrew MacWilliam.
8:57 of 1st period - Tom Sestito is hit by Daine Todd and loses puck.
9:38 of 1st period - Icing by Greg Pateryn.
9:39 of 1st period - Martin St. Pierre wins face-off versus Tyler Gron in Senators zone.
10:06 of 1st period - Off-side.
10:07 of 1st period - Emerson Etem wins face-off versus Jim O'Brien in neutral zone.
10:27 of 1st period - Icing by Ray Whitney.
10:28 of 1st period - Daine Todd wins face-off versus Jim O'Brien in Checkers zone.
10:30 of 1st period - Minor Penalty to Andrew MacWilliam for Roughing.
10:31 of 1st period - Taylor Matson wins face-off versus Daine Todd in Senators zone.
10:47 of 1st period - Off-side.
10:48 of 1st period - Taylor Matson wins face-off versus Daine Todd in neutral zone.
11:09 of 1st period - Wrist shot by Corey Locke.
11:09 of 1st period - Shot Blocked by Steve Eminger.
12:23 of 1st period - Ray Whitney is hit by Greg Pateryn and loses puck.
12:30 of 1st period - Penalty to Andrew MacWilliam is over, Andrew MacWilliam is back on ice.
12:55 of 1st period - Tom Sestito is hit by Colton Orr.
13:14 of 1st period - Andrew MacWilliam is hit by Tom Sestito and loses puck.
14:05 of 1st period - Colton Orr is hit by J.T. Wyman and loses puck.
14:54 of 1st period - Daine Todd is hit by Tom Sestito.
15:55 of 1st period - Snap shot by J.T. Wyman.
15:55 of 1st period - Stopped by Jean-Francois Berube with a rebound.
16:19 of 1st period - Korbinian Holzer is hit by Jim O'Brien and loses puck.
17:29 of 1st period - Snap shot by Mike Brown.
17:29 of 1st period - Shot Misses the Net.
17:48 of 1st period - Off-side.
17:49 of 1st period - Taylor Matson wins face-off versus Tyler Biggs in neutral zone.
17:59 of 1st period - Snap shot by Jesse Blacker.
17:59 of 1st period - Stopped by Drew MacIntyre without a rebound.
18:00 of 1st period - Jim O'Brien wins face-off versus Tyler Biggs in Checkers zone.
18:43 of 1st period - Tom Sestito is hit by Kyle Chipchura and loses puck.
19:10 of 1st period - Sami Salo is hit by John Scott and loses puck.
19:31 of 1st period - Wrist shot by Martin St. Pierre.
19:31 of 1st period - Stopped by Drew MacIntyre without a rebound.
19:32 of 1st period - Martin St. Pierre wins face-off versus Taylor Matson in Checkers zone.
19:53 of 1st period - Wrist shot by J.T. Wyman.
19:53 of 1st period - Deflect By Corey Locke.
19:53 of 1st period - Stopped by Jean-Francois Berube without a rebound.
19:54 of 1st period - Jim O'Brien wins face-off versus Daine Todd in Senators zone.
Goals for this period are 0 for Checkers vs 0 for Senators.
Shots for this period are 4 for Checkers vs 3 for Senators.

2nd period


0:01 of 2nd period - Jim O'Brien wins face-off versus Emerson Etem in neutral zone.
0:51 of 2nd period - Taylor Matson is hit by Colton Orr and loses puck.
1:07 of 2nd period - Andrew MacWilliam is hit by J.T. Wyman and loses puck.
1:32 of 2nd period - Wrist shot by Greg Nemisz.
1:32 of 2nd period - Stopped by Drew MacIntyre with a rebound.
1:46 of 2nd period - Slapshot by Tom Sestito.
1:46 of 2nd period - Stopped by Jean-Francois Berube with a rebound.
1:48 of 2nd period - Snap shot by Andrew Clark.
1:48 of 2nd period - Deflect By Tom Sestito.
1:48 of 2nd period - Shot Misses the Net.
1:48 of 2nd period - Puck is out of play.
1:49 of 2nd period - Tyler Gron wins face-off versus Tyler Biggs in Senators zone.
1:52 of 2nd period - Snap shot by Matt Pelech.
1:52 of 2nd period - Shot Misses the Net.
2:59 of 2nd period - Steve Eminger is hit by Sean Backman and loses puck.
3:10 of 2nd period - Slapshot by John Scott.
3:10 of 2nd period - Shot Misses the Net.
3:12 of 2nd period - Slapshot by John Scott.
3:12 of 2nd period - Deflect By Mike Brown.
3:12 of 2nd period - Deflect By Ray Whitney.
3:12 of 2nd period - Stopped by Drew MacIntyre with a rebound.
3:37 of 2nd period - Slapshot by Corey Locke.
3:37 of 2nd period - Shot Blocked by John Scott.
3:43 of 2nd period - Nick Crawford is hit by Colton Orr and loses puck.
3:54 of 2nd period - Slapshot by Nick Crawford.
3:54 of 2nd period - Deflect By Corey Locke.
3:54 of 2nd period - Shot Blocked by Jesse Blacker.
3:54 of 2nd period - Puck is out of play.
3:55 of 2nd period - Andrew Clark wins face-off versus Daine Todd in Senators zone.
3:58 of 2nd period - Slapshot by Tom Sestito.
3:58 of 2nd period - Shot Misses the Net.
4:10 of 2nd period - Wrist shot by Tom Sestito.
4:10 of 2nd period - Shot Blocked by Evan Trupp.
4:56 of 2nd period - Slapshot by Tyler Gron.
4:56 of 2nd period - Stopped by Jean-Francois Berube without a rebound.
4:57 of 2nd period - Martin St. Pierre wins face-off versus Taylor Matson in Senators zone.
5:18 of 2nd period - Snap shot by Martin St. Pierre.
5:18 of 2nd period - Shot Misses the Net.
5:22 of 2nd period - Snap shot by Colton Orr.
5:22 of 2nd period - Stopped by Drew MacIntyre with a rebound.
5:42 of 2nd period - Slapshot by Mike Brown.
5:42 of 2nd period - Shot Misses the Net.
5:44 of 2nd period - Slapshot by Korbinian Holzer.
5:44 of 2nd period - Shot Misses the Net.
6:12 of 2nd period - Wrist shot by Ray Whitney.
6:12 of 2nd period - Stopped by Jean-Francois Berube with a rebound.
6:17 of 2nd period - Minor Penalty to John Scott for Tripping.
6:18 of 2nd period - Daine Todd wins face-off versus Jim O'Brien in Senators zone.
7:54 of 2nd period - Greg Pateryn is hit by J.T. Wyman and loses puck.
8:10 of 2nd period - Off-side.
8:11 of 2nd period - Daine Todd wins face-off versus Jim O'Brien in neutral zone.
8:17 of 2nd period - Penalty to John Scott is over, John Scott is back on ice.
8:22 of 2nd period - Steve Eminger is hit by Ray Whitney and loses puck.
9:21 of 2nd period - Andrew Campbell is hit by Mike Brown and loses puck.
9:36 of 2nd period - Wrist shot by Emerson Etem.
9:36 of 2nd period - Stopped by Drew MacIntyre without a rebound.
9:37 of 2nd period - Taylor Matson wins face-off versus Josh Leivo in Checkers zone.
9:43 of 2nd period - Colton Orr and Blake Parlett fight to a draw.
9:43 of 2nd period - Penalty to Colton Orr for Fighting.
9:43 of 2nd period - Penalty to Blake Parlett for Fighting.
9:44 of 2nd period - Emerson Etem wins face-off versus Andrew Clark in Senators zone.
9:44 of 2nd period - Emerson Etem is hit by Julien Brouillette.
9:52 of 2nd period - Greg Pateryn is hit by Cody Bass.
10:12 of 2nd period - Snap shot by Emerson Etem.
10:12 of 2nd period - Stopped by Drew MacIntyre with a rebound.
10:14 of 2nd period - Slapshot by Greg Pateryn.
10:14 of 2nd period - Stopped by Drew MacIntyre with a rebound.
10:16 of 2nd period - Wrist shot by Mike Brown.
10:16 of 2nd period - Stopped by Drew MacIntyre with a rebound.
11:22 of 2nd period - Josh Leivo is hit by Sami Salo and loses puck.
11:27 of 2nd period - Wrist shot by J.T. Wyman.
11:27 of 2nd period - Stopped by Jean-Francois Berube with a rebound.
11:29 of 2nd period - Snap shot by Andrew Campbell.
11:29 of 2nd period - Stopped by Jean-Francois Berube without a rebound.
11:30 of 2nd period - Greg Nemisz wins face-off versus Tyler Gron in Senators zone.
11:45 of 2nd period - Wrist shot by Mike Brown.
11:45 of 2nd period - Stopped by Drew MacIntyre with a rebound.
12:25 of 2nd period - Slapshot by Emerson Etem.
12:25 of 2nd period - Deflect By Sami Salo.
12:25 of 2nd period - Stopped by Drew MacIntyre without a rebound.
12:26 of 2nd period - Taylor Matson wins face-off versus Emerson Etem in Checkers zone.
12:26 of 2nd period - Taylor Matson is hit by Kyle Chipchura.
12:32 of 2nd period - Emerson Etem is hit by Sami Salo and loses puck.
12:51 of 2nd period - Greg Nemisz is hit by Mike Cornell and loses puck.
13:17 of 2nd period - Wrist shot by Greg Pateryn.
13:17 of 2nd period - Shot Blocked by Mike Cornell.
13:19 of 2nd period - Slapshot by Martin St. Pierre.
13:19 of 2nd period - Goal by Martin St. Pierre - Checkers : 0 - Senators : 1.
13:20 of 2nd period - Jim O'Brien wins face-off versus Martin St. Pierre in neutral zone.
13:27 of 2nd period - Slapshot by John Scott.
13:27 of 2nd period - Stopped by Drew MacIntyre with a rebound.
13:39 of 2nd period - Wrist shot by Josh Leivo.
13:39 of 2nd period - Stopped by Drew MacIntyre with a rebound.
13:53 of 2nd period - Wrist shot by Mike Brown.
13:53 of 2nd period - Shot Misses the Net.
13:55 of 2nd period - Snap shot by Steve Eminger.
13:55 of 2nd period - Shot Blocked by Nick Crawford.
14:03 of 2nd period - Wrist shot by Steve Eminger.
14:03 of 2nd period - Shot Misses the Net.
14:13 of 2nd period - Tyler Biggs is hit by Andrew Campbell and loses puck.
14:52 of 2nd period - Snap shot by Cody Bass.
14:52 of 2nd period - Stopped by Jean-Francois Berube with a rebound.
14:54 of 2nd period - Wrist shot by Cody Bass.
14:54 of 2nd period - Stopped by Jean-Francois Berube without a rebound.
14:55 of 2nd period - Taylor Matson wins face-off versus Martin St. Pierre in Senators zone.
15:03 of 2nd period - Snap shot by Taylor Matson.
15:03 of 2nd period - Stopped by Jean-Francois Berube with a rebound.
15:05 of 2nd period - Slapshot by Sami Salo.
15:05 of 2nd period - Shot Blocked by Andrew MacWilliam.
15:07 of 2nd period - Wrist shot by J.T. Wyman.
15:07 of 2nd period - Shot Misses the Net.
15:09 of 2nd period - Snap shot by J.T. Wyman.
15:09 of 2nd period - Shot Misses the Net.
15:11 of 2nd period - Wrist shot by Corey Locke.
15:11 of 2nd period - Stopped by Jean-Francois Berube without a rebound.
15:12 of 2nd period - Martin St. Pierre wins face-off versus Taylor Matson in Senators zone.
15:41 of 2nd period - Martin St. Pierre is hit by Corey Locke and loses puck.
16:02 of 2nd period - Slapshot by Julien Brouillette.
16:02 of 2nd period - Stopped by Jean-Francois Berube with a rebound.
16:04 of 2nd period - Slapshot by Mike Cornell.
16:04 of 2nd period - Stopped by Jean-Francois Berube with a rebound.
16:06 of 2nd period - Snap shot by Mike Cornell.
16:06 of 2nd period - Stopped by Jean-Francois Berube with a rebound.
16:08 of 2nd period - Snap shot by Tyler Gron.
16:08 of 2nd period - Shot Blocked by Josh Leivo.
16:33 of 2nd period - Steve Eminger beats up Tom Sestito.
16:33 of 2nd period - Penalty to Steve Eminger for Fighting.
16:33 of 2nd period - Penalty to Tom Sestito for Fighting.
16:34 of 2nd period - Evan Trupp wins face-off versus Jim O'Brien in Senators zone.
16:51 of 2nd period - Snap shot by Evan Trupp.
16:51 of 2nd period - Deflect By Greg Nemisz.
16:51 of 2nd period - Shot Misses the Net.
16:51 of 2nd period - Puck is out of play.
16:52 of 2nd period - Jim O'Brien wins face-off versus Daine Todd in Checkers zone.
17:05 of 2nd period - Snap shot by Ray Whitney.
17:05 of 2nd period - Stopped by Jean-Francois Berube with a rebound.
17:17 of 2nd period - Wrist shot by Jim O'Brien.
17:17 of 2nd period - Shot Blocked by Jesse Blacker.
17:19 of 2nd period - Wrist shot by Nick Crawford.
17:19 of 2nd period - Shot Misses the Net.
17:56 of 2nd period - Backhand shot by Emerson Etem.
17:56 of 2nd period - Shot Blocked by Andrew Clark.
18:20 of 2nd period - Snap shot by Josh Leivo.
18:20 of 2nd period - Stopped by Drew MacIntyre with a rebound.
18:57 of 2nd period - Icing by Emerson Etem.
18:58 of 2nd period - Ray Whitney wins face-off versus Emerson Etem in Senators zone.
18:59 of 2nd period - Slapshot by Sami Salo.
18:59 of 2nd period - Goal by Sami Salo - Checkers : 1 - Senators : 1.
19:00 of 2nd period - Evan Trupp wins face-off versus Jim O'Brien in neutral zone.
19:03 of 2nd period - Slapshot by John Scott.
19:03 of 2nd period - Deflect By Evan Trupp.
19:03 of 2nd period - Stopped by Drew MacIntyre without a rebound.
19:04 of 2nd period - Daine Todd wins face-off versus Jim O'Brien in Checkers zone.
19:09 of 2nd period - Snap shot by Evan Trupp.
19:09 of 2nd period - Shot Misses the Net.
Goals for this period are 1 for Checkers vs 1 for Senators.
Shots for this period are 14 for Checkers vs 14 for Senators.

3rd period


0:01 of 3rd period - Emerson Etem wins face-off versus Andrew Clark in neutral zone.
0:04 of 3rd period - Wrist shot by Mike Brown.
0:04 of 3rd period - Shot Misses the Net.
0:14 of 3rd period - Slapshot by Emerson Etem.
0:14 of 3rd period - Shot Misses the Net.
0:30 of 3rd period - Slapshot by Emerson Etem.
0:30 of 3rd period - Stopped by Drew MacIntyre without a rebound.
0:31 of 3rd period - Taylor Matson wins face-off versus Martin St. Pierre in Checkers zone.
0:50 of 3rd period - Wrist shot by Colton Orr.
0:50 of 3rd period - Stopped by Drew MacIntyre without a rebound.
0:51 of 3rd period - Taylor Matson wins face-off versus Martin St. Pierre in Checkers zone.
0:58 of 3rd period - Snap shot by J.T. Wyman.
0:58 of 3rd period - Stopped by Jean-Francois Berube without a rebound.
0:59 of 3rd period - Emerson Etem wins face-off versus Jim O'Brien in Senators zone.
1:09 of 3rd period - Slapshot by John Scott.
1:09 of 3rd period - Deflect By Mike Brown.
1:09 of 3rd period - Shot Misses the Net.
1:09 of 3rd period - Puck is out of play.
1:10 of 3rd period - Jim O'Brien wins face-off versus Emerson Etem in Checkers zone.
1:10 of 3rd period - Jim O'Brien is hit by Joe Finley.
1:34 of 3rd period - Minor Penalty to Joe Finley for Hooking.
1:35 of 3rd period - Taylor Matson wins face-off versus Daine Todd in Senators zone.
1:48 of 3rd period - Slapshot by John Scott.
1:48 of 3rd period - Stopped by Drew MacIntyre without a rebound.
1:49 of 3rd period - Daine Todd wins face-off versus Corey Locke in Checkers zone.
2:20 of 3rd period - Snap shot by Corey Locke.
2:20 of 3rd period - Shot Misses the Net.
2:32 of 3rd period - Slapshot by Steve Eminger.
2:32 of 3rd period - Shot Misses the Net.
2:38 of 3rd period - Korbinian Holzer is hit by Jim O'Brien and loses puck.
2:51 of 3rd period - Wrist shot by Jim O'Brien.
2:51 of 3rd period - Deflect By Ray Whitney.
2:51 of 3rd period - Stopped by Jean-Francois Berube without a rebound.
2:52 of 3rd period - Jim O'Brien wins face-off versus Daine Todd in Senators zone.
3:03 of 3rd period - Snap shot by Jim O'Brien.
3:03 of 3rd period - Stopped by Jean-Francois Berube with a rebound.
3:05 of 3rd period - Wrist shot by Jim O'Brien.
3:05 of 3rd period - Shot Misses the Net.
3:21 of 3rd period - Slapshot by Corey Locke.
3:21 of 3rd period - Shot Blocked by Korbinian Holzer.
3:31 of 3rd period - Backhand shot by J.T. Wyman.
3:31 of 3rd period - Shot Misses the Net.
3:34 of 3rd period - Penalty to Joe Finley is over, Joe Finley is back on ice.
4:15 of 3rd period - Backhand shot by Mike Brown.
4:15 of 3rd period - Shot Blocked by Julien Brouillette.
4:17 of 3rd period - Slapshot by Jesse Blacker.
4:17 of 3rd period - Shot Blocked by Tom Sestito.
4:19 of 3rd period - Snap shot by Mike Brown.
4:19 of 3rd period - Shot Misses the Net.
4:21 of 3rd period - Snap shot by Mike Brown.
4:21 of 3rd period - Stopped by Drew MacIntyre with a rebound.
4:23 of 3rd period - Wrist shot by Emerson Etem.
4:23 of 3rd period - Stopped by Drew MacIntyre with a rebound.
4:55 of 3rd period - Snap shot by Josh Leivo.
4:55 of 3rd period - Stopped by Drew MacIntyre with a rebound.
5:55 of 3rd period - Jim O'Brien is hit by Greg Nemisz and loses puck.
6:16 of 3rd period - Wrist shot by Ray Whitney.
6:16 of 3rd period - Shot Misses the Net.
6:48 of 3rd period - Emerson Etem is hit by Andrew Campbell and loses puck.
7:23 of 3rd period - Wrist shot by Matt Pelech.
7:23 of 3rd period - Shot Misses the Net.
7:25 of 3rd period - Wrist shot by Sami Salo.
7:25 of 3rd period - Stopped by Jean-Francois Berube with a rebound.
7:37 of 3rd period - Snap shot by Ray Whitney.
7:37 of 3rd period - Shot Blocked by Greg Pateryn.
8:03 of 3rd period - Wrist shot by Colton Orr.
8:03 of 3rd period - Stopped by Drew MacIntyre with a rebound.
8:47 of 3rd period - Andrew MacWilliam is hit by Mike Cornell and loses puck.
9:24 of 3rd period - Wrist shot by Tyler Gron.
9:24 of 3rd period - Shot Misses the Net.
9:26 of 3rd period - Snap shot by Tyler Gron.
9:26 of 3rd period - Stopped by Jean-Francois Berube without a rebound.
9:27 of 3rd period - Jim O'Brien wins face-off versus Daine Todd in Senators zone.
9:42 of 3rd period - Snap shot by Ray Whitney.
9:42 of 3rd period - Stopped by Jean-Francois Berube with a rebound.
9:44 of 3rd period - Snap shot by Ray Whitney.
9:44 of 3rd period - Goal by Ray Whitney - Checkers : 2 - Senators : 1.
9:45 of 3rd period - Jim O'Brien wins face-off versus Martin St. Pierre in neutral zone.
9:54 of 3rd period - Wrist shot by Ray Whitney.
9:54 of 3rd period - Stopped by Jean-Francois Berube without a rebound.
9:55 of 3rd period - Jim O'Brien wins face-off versus Colton Orr in Senators zone.
10:47 of 3rd period - Evan Trupp is hit by Tom Sestito and loses puck.
11:01 of 3rd period - Andrew Campbell is hit by Evan Trupp and loses puck.
11:12 of 3rd period - John Scott is hit by Cody Bass and loses puck.
11:30 of 3rd period - Minor Penalty to Cody Bass for Roughing.
11:31 of 3rd period - Taylor Matson wins face-off versus Emerson Etem in Checkers zone.
11:42 of 3rd period - Snap shot by Mike Brown.
11:42 of 3rd period - Shot Blocked by Andrew Campbell.
11:44 of 3rd period - Slapshot by Emerson Etem.
11:44 of 3rd period - Shot Misses the Net.
11:46 of 3rd period - Slapshot by Steve Eminger.
11:46 of 3rd period - Deflect By Mike Brown.
11:46 of 3rd period - Shot Blocked by Andrew Campbell.
11:46 of 3rd period - Puck is out of play.
11:47 of 3rd period - Taylor Matson wins face-off versus Emerson Etem in Checkers zone.
13:30 of 3rd period - Penalty to Cody Bass is over, Cody Bass is back on ice.
14:06 of 3rd period - Snap shot by Greg Nemisz.
14:06 of 3rd period - Deflect By Daine Todd.
14:06 of 3rd period - Shot Misses the Net.
14:06 of 3rd period - Puck is out of play.
14:07 of 3rd period - Andrew Clark wins face-off versus Daine Todd in Checkers zone.
14:13 of 3rd period - Minor Penalty to Mike Cornell for Interference.
14:14 of 3rd period - Emerson Etem wins face-off versus Andrew Clark in Checkers zone.
16:13 of 3rd period - Penalty to Mike Cornell is over, Mike Cornell is back on ice.
16:48 of 3rd period - Wrist shot by Daine Todd.
16:48 of 3rd period - Shot Blocked by Jordan Kremyr.
16:50 of 3rd period - Wrist shot by Greg Nemisz.
16:50 of 3rd period - Stopped by Drew MacIntyre with a rebound.
16:52 of 3rd period - Wrist shot by Evan Trupp.
16:52 of 3rd period - Stopped by Drew MacIntyre with a rebound.
16:54 of 3rd period - Slapshot by Jesse Blacker.
16:54 of 3rd period - Shot Hit the Post.
17:15 of 3rd period - Slapshot by Mike Cornell.
17:15 of 3rd period - Shot Blocked by Evan Trupp.
17:42 of 3rd period - John Scott is hit by Tom Sestito and loses puck.
17:57 of 3rd period - Andrew Clark is hit by Colton Orr and loses puck.
18:46 of 3rd period - Martin St. Pierre is hit by Ray Whitney and loses puck.
19:30 of 3rd period - Off-side.
19:31 of 3rd period - Brent Sutter call a timeout for Senators.
19:31 of 3rd period - Tyler Biggs wins face-off versus Jim O'Brien in neutral zone.
19:34 of 3rd period - Senators, Jean-Francois Berube is pulled from the net.
Goals for this period are 1 for Checkers vs 0 for Senators.
Shots for this period are 8 for Checkers vs 9 for Senators.


Output by the SimonT Hockey Simulator (STHS) for Eric Dolegowski -- Original Page W3C XHTML 1.0 Valid
Hockey Simulator - Hockey Simulation - Hockey Manager